 Dungeon Crawl Stone Soup version 0.31-a0-174-g85c54bcb58 (webtiles) character file.

Game seed: 12110746701775815392

310 qw the Shooter (level 6, -3/38 HPs)
             Began as a Gargoyle Hunter on June 15, 2023.
             Slain by Sigmund
             ... wielding a +0 scythe
              (9 damage)
             ... on level 4 of the Dungeon.
             The game lasted 00:00:52 (2384 turns).

qw the Shooter (Gargoyle Hunter)                    Turns: 2384, Time: 00:00:53

Health: -3/38      AC:  8    Str: 12 (15) XL:     6   Next: 41%
Magic:  6/6        EV: 12    Int:  6 (9)  God:
Gold:   135        SH:  0    Dex: 14 (15) Spells: 5/5 levels left

rFire   . . .        Y - +0 shortbow (freeze)
rCold   + . .        (shield currently unavailable)
rNeg    + . .        l - +1 robe {rC+}
rPois   inf          (no helmet)
rElec   +            j - +0 cloak
rCorr   .            (no gloves)
SInv    .            (no boots)
Will    .....        (no amulet)
Stlth   ++           (no ring)
HPRegen 0.26/turn    (no ring)
MPRegen 0.10/turn

%: no passive effects
@: no status effects
A: sickness immunity, AC +4, negative energy resistance 1, electricity
resistance, torment resistance 1, petrification resistance
a: no special abilities


You were on level 4 of the Dungeon.
You visited 1 branch of the dungeon, and saw 4 of its levels.

You collected 135 gold pieces.


Innate Abilities, Weirdness & Mutations

You are immune to sickness and miasma.
Your stone body is resilient. (AC +4)
You are immune to poison.
You resist negative energy. (rN+)
You are resistant to electric shocks. (rElec)
You are resistant to unholy torment.
You are immune to petrification.


   Skills:
 - Level 4.2 Fighting
 + Level 6.6 Ranged Weapons
 - Level 1.5 Dodging
 - Level 1.1 Stealth


You had 5 spell levels left.
You didn't know any spells.
Your spell library was empty.

Inventory:

Hand Weapons
 Y - a +0 shortbow of freezing (weapon)
Armour
 a - the scarf of Ijoegem {shadows, -Tele *Corrode Int+3 Slay+5}
   (You acquired it on level 3 of the Dungeon)

   Int:       It affects your intelligence (+3).
   Slay:      It affects your accuracy & damage with ranged weapons and melee
   (+5).
   -Tele:     It prevents most forms of teleportation.
   *Corrode:  It may corrode you when you take damage.
 c - a +0 leather armour
 j - a +0 cloak (worn)
 l - a +1 robe of cold resistance (worn)
Jewellery
 g - a ring of magical power
Scrolls
 e - a scroll of silence {unknown}
Potions
 b - a potion of enlightenment {unknown}
 d - a potion of heal wounds {unknown}
 f - a potion of curing
 h - a potion of magic {unknown}

Dungeon Overview and Level Annotations

Branches:
Dungeon (4/15)
 Temple: D:4-7

Altars:
Dithmenos
Nemelex Xobeh
Sif Muna

Annotations:
D:4 Sigmund


Message History

You shoot an arrow.
The arrow closely misses the orc wizard.
The orc completely misses you. The orc wizard completely misses you.
Something hits you!
You shoot an arrow. The arrow hits the orc wizard!
The arrow freezes the orc wizard.
You kill the orc wizard!
The orc barely misses you.
You shoot an arrow.
The arrow hits the orc but does no damage.
Something hits you. The orc hits you but does no damage.
The orc barely misses you. x2
You shoot an arrow. The arrow hits the orc.
The arrow freezes the orc.
The orc is almost dead.
The orc barely misses you. x2; Something hits you but does no damage.
The orc barely misses you.
You shoot an arrow. The arrow closely misses the orc.
The orc hits you but does no damage. The orc closely misses you.
The orc hits you with a +0 falchion.
You shoot an arrow. The arrow hits the orc.
The arrow freezes the orc.
You kill the orc!
Something hits you. The orc misses you. The orc hits you but does no damage.
You shoot an arrow. The arrow hits the orc!
The arrow freezes the orc.
You kill the orc!
Something hits you. The orc hits you but does no damage.
You shoot an arrow. The arrow barely misses the orc.
The orc hits you with a +0 hand axe. Something hits you.
You shoot an arrow. The arrow closely misses the orc.
The orc hits you but does no damage.
You shoot an arrow. The arrow hits the orc!
The arrow freezes the orc.
You kill the orc!
You hear some strange, mumbled words.
Something tries to affect you, but you resist.
You shoot an arrow. Something hits you but does no damage.
You shoot an arrow. Something hits you but does no damage.
You shoot an arrow. Something hits you!
You die...

.........<.#.##.......
#........##..##......
..###...###...#...... #
#....# #.....#.... #.#
#...## #..####...# ....
#/.## ##..# #..#.# .....
#..##.#...###.(#.#
......#)##.......##..#..
.....{)@.#..........###.
......)).......##...#...
....##..................
... #...##............#
.. #.####..#.......... .
.. #..####..##... ..
#.## #....... ...
#....... ....#..#


There were no monsters in sight!

Vanquished Creatures
  A scorpion (D:2)
  An orc priest (D:4)
  Ijyb (D:3)
  3 orc wizards
  5 adders
  4 dart slugs
  6 orcs
  6 endoplasms
  2 goblins
  5 hobgoblins
  11 jackals
  3 quokkas
  3 ball pythons
  5 bats
  4 kobolds
  2 rats
62 creatures vanquished.

Notes
Turn   | Place    | Note
-------+----------+-------------------------------------------
     0 | D:1      | qw the Gargoyle Hunter began the quest for the Orb.
     0 | D:1      | Reached XP level 1. HP: 12/12 MP: 1/1
     0 | D:1      | 0 ||| qw: Version: 0.2-a-29-g511e9b1
     0 | D:1      | 0 ||| qw: Game counter: 5448
     0 | D:1      | 0 ||| qw: Always use a shield: true
     0 | D:1      | 0 ||| qw: God list: Okawaru
     0 | D:1      | 0 ||| qw: Allow faded altars: false
     0 | D:1      | 0 ||| qw: Do Orc after D:15 true
     0 | D:1      | 0 ||| qw: Do second Lair branch before Depths: true
     0 | D:1      | 0 ||| qw: Lair rune preference: random
     0 | D:1      | 0 ||| qw: Plans: Normal, Zot:1-4, Slime:5, God:TSO, Crypt,
                  | Tomb, Abyss, Pan, Hells, Win
     0 | D:1      | 0 ||| PLANNING D:1-11
    92 | D:1      | HP: 3/12 [frozen (5)]
   210 | D:1      | Reached XP level 2. HP: 17/17 MP: 2/2
   949 | D:1      | 949 ||| UPGRADING to +0 cloak.
   954 | D:1      | 954 ||| READING scroll labelled OTAOME ACZIT.
   957 | D:1      | 957 ||| READING scroll labelled FIMUEGIGGO.
   958 | D:1      | 958 ||| READING scroll labelled PUROAVADGHO.
   959 | D:1      | 959 ||| DROPPING scroll of butterflies.
  1009 | D:2      | Reached XP level 3. HP: 21/21 MP: 3/3
  1099 | D:2      | Reached skill level 5 in Ranged Weapons
  1144 | D:2      | Noticed a scorpion
  1158 | D:2      | Killed a scorpion
  1159 | D:2      | Reached skill level 3 in Fighting
  1159 | D:2      | Reached XP level 4. HP: 25/29 MP: 4/4
  1446 | D:2      | 1446 ||| UPGRADING to +1 robe of cold resistance.
  1456 | D:2      | 1456 ||| READING scroll labelled UTZOLL ERAWU.
  1457 | D:2      | 1457 ||| READING scroll labelled KITITOOREE.
  1458 | D:2      | 1458 ||| READING scroll labelled IKHUCW SAJUN.
  1459 | D:2      | 1459 ||| READING scroll labelled NOHED ZUIGUX.
  1460 | D:2      | 1460 ||| DRINKING 2 pink potions.
  1500 | D:3      | Reached XP level 5. HP: 32/33 MP: 5/5
  1558 | D:3      | Found a sparkling altar of Nemelex Xobeh.
  1576 | D:3      | Found a shimmering blue altar of Sif Muna.
  1639 | D:3      | Noticed Ijyb
  1653 | D:3      | Killed Ijyb
  1833 | D:3      | Reached skill level 6 in Ranged Weapons
  1881 | D:3      | Found a shadowy altar of Dithmenos.
  2197 | D:3      | Reached XP level 6. HP: 36/38 MP: 6/6
  2225 | D:3      | Found a faded altar of an unknown god.
  2226 | D:3      | 2226 ||| READING scroll labelled LUSEHI HIAQIST.
  2226 | D:3      | Identified a scroll of acquirement
  2226 | D:3      | 2226 ||| ACQUIRING scarf of Ijoegem {shadows, -Tele
                  | *Corrode Int+3 Slay+5}
  2226 | D:3      | Acquired the scarf of Ijoegem {shadows, -Tele *Corrode
                  | Int+3 Slay+5}
  2228 | D:3      | 2228 ||| DRINKING 2 amethyst potions.
  2229 | D:3      | 2229 ||| DROPPING potion of degeneration.
  2291 | D:4      | 2291 ||| STAIRDANCE
  2366 | D:4      | Noticed Sigmund
  2377 | D:4      | HP: 9/38 [something (3)]
  2384 | D:4      | Slain by Sigmund

Levels and vault maps discovered:
D:1:      psy_arrival_radial02, layout_basic
D:2:      layout_rooms, hex_tiny, grunt_decor_arrowhead
D:3:      layout_loops_cross, nicolae_dithmenos_shadow_blocks,
          mainiacjoe_overflow_catch_the_wave,
          hellmonk_ecumenical_altar_leap_of_faith, uniq_ijyb
D:4:      layout_cave_pools, minmay_misc_feat_diagonals, uniq_sigmund,
          uniq_eustachio

Skill      XL: |  1  2  3  4  5 |
---------------+----------------+-----
Ranged Weapons | 5 6 |  6.6
Fighting       | 3 4 |  4.2
Dodging        | |  1.5
Stealth        | |  1.1

Action                     |  1- 3 |  4- 6 || total
---------------------------+-------+-------++-------
   Fire: Shortbow          |    65 |   139 ||   204
    Use: Scroll            |     3 |     5 ||     8
         Potion            |       |     2 ||     2
 Armour: Leather armour    |    13 |     2 ||    15
         Robe              |       |    43 ||    43
  Dodge: Dodged            |    16 |    86 ||   102

Table legend:
 A = Non-vault XP
 B = Vault XP
 C = Vault XP percentage of total XP
 D = Non-vault monster count
 E = Vault monster count
 F = Vault count percentage of total count
                 A         B        C        D         E       F
            +---------+---------+-------+---------+---------+-------
      Total |     407 |      36 |   8.1 |      61 |       1 |   1.6
            +---------+---------+-------+---------+---------+-------
        D:1 |      33 |       0 |   0.0 |      16 |       0 |   0.0
        D:2 |     123 |       0 |   0.0 |      10 |       0 |   0.0
        D:3 |     139 |      36 |  20.6 |      25 |       1 |   3.8
        D:4 |     112 |       0 |   0.0 |      10 |       0 |   0.0
            +---------+---------+-------+---------+---------+-------
